 Dungeon Crawl Stone Soup version 0.28.0-62-gf88900778d (webtiles) character file.

Game seed: 6428204974842901814

5637 Coron the Fighter (level 10, -4/154 HPs)
             Began as a Deep Dwarf Delver on Mar 26, 2023.
             Was a Priest of Trog.
             Slain by a red ugly thing (12 damage)
             ... on level 9 of the Dungeon.
             The game lasted 00:30:21 (6948 turns).

Coron the Fighter (Deep Dwarf Delver)               Turns: 6948, Time: 00:30:21

Health: -4/154     AC: 16    Str: 27    XL:     10   Next: 46%
Magic:  9/9        EV: 10    Int: 10    God:    Trog [***...]
Gold:   663        SH:  0    Dex: 14    Spells: 9/9 levels left

rFire   . . .      SeeInvis .   H - +8 woodcutter's axe {vorpal}
rCold   . . .      Faith    .   (no shield)
rNeg    . . .      Spirit   .   B - +0 chain mail
rPois   .          Reflect  .   (no helmet)
rElec   .          Harm     .   (no cloak)
rCorr   .          Rampage  .   s - +0 pair of gloves
Will    +....                   y - +2 pair of boots
Stlth   ..........              (no amulet)
HPRegen 0.00/turn               o - +4 ring of slaying
MPRegen 0.11/turn               G - +6 ring of strength

@: berserking, marked, very quick
A: damage resistance, heal wounds, sense surroundings 2, no regeneration
a: Heal Wounds, Renounce Religion, Berserk, Trog's Hand


You were on level 9 of the Dungeon.
You worshipped Trog.
Trog was most pleased with you.
You visited 1 branch of the dungeon, and saw 10 of its levels.

You collected 663 gold pieces.

Inventory:

Hand Weapons
 z - a +0 vorpal spear
 C - a +1 vampiric spear
 D - a +0 shortbow
 H - the +8 woodcutter's axe (weapon) {vorpal}
   (You took it off a gnoll shaman on level 6 of the Dungeon)

   It inflicts extra damage upon your enemies.
Missiles
 i - 240 stones (quivered)
 j - 22 poisoned darts
 u - an atropa-tipped dart
 E - 88 arrows
 F - a throwing net
Armour
 a - a +0 plate armour
 s - a +0 pair of gloves (worn)
 t - the +1 ring mail of the Storm King {rF+++ Will- Str+3 SInv}
   (You took it off an orc priest on level 7 of the Dungeon)

   Str:       It affects your strength (+3).
   rF:        It renders you almost immune to fire.
   SInv:      It lets you see invisible.
   Will:      It decreases your willpower.
 y - a +2 pair of boots (worn)
 B - a +0 chain mail (worn)
Magical Staves
 p - a staff of death
Jewellery
 o - a +4 ring of slaying (left hand)
 v - a +6 ring of intelligence
 G - a +6 ring of strength (right hand)
 N - a ring of fire
Wands
 g - a wand of digging (3)
 m - a wand of mindburst (10)
 A - a wand of acid (5)
 K - a wand of charming (9)
 M - a wand of iceblast (4)
Scrolls
 c - a scroll of fog
 d - 2 scrolls of magic mapping
 e - 2 scrolls of fear
 h - a scroll of immolation {unknown}
 q - 2 scrolls of enchant armour
 x - 4 scrolls of teleportation
 J - a scroll of torment {unknown}
 O - a scroll of brand weapon {unknown}
 P - a scroll of enchant weapon {unknown}
Potions
 b - a potion of attraction
 f - a potion of haste
 k - 5 potions of heal wounds
 l - a potion of lignification
 n - 2 potions of cancellation
 r - a potion of berserk rage {unknown}
 w - 2 potions of might
 I - a potion of curing {unknown}


   Skills:
 + Level 10.4 Fighting
 - Level 4.8(6.0) Axes
 - Level 4.3(5.1) Polearms
 - Level 9.0 Armour
 - Level 4.0 Dodging
 - Level 6.0 Stealth
 - Level 4.0 Evocations


You had 9 spell levels left.
You didn't know any spells.
Your spell library contained the following spells:

 Spells                   Type           Power      Damage    Failure   Level
 Portal Projectile        Hex/Tloc       0%         N/A       99%         3
 Fulminant Prism          Conj/Hex       0%         3d6       100%        4
 Iskenderun's Mystic Bla  Conj/Tloc      0%         2d3       100%        4
 Blade Hands              Tmut           0%         N/A       100%        5
 Excruciating Wounds      Necr           0%         N/A       100%        5
 Lee's Rapid Deconstruct  Erth           0%         3d5*      100%        5


Dungeon Overview and Level Annotations

Branches:
Dungeon (10/15)            Temple (0/1) D:4             Orc (0/2) D:9
   Lair: D:8-11

Altars:
Ashenzari
Okawaru
Ru
Trog
Xom
Beogh

Annotations:
D:3 2 runed translucent doors, Iusername's ghost, amateur MiFi


Innate Abilities, Weirdness & Mutations

You are resistant to damage.
You can heal yourself by infusing magical energy.
You passively map the area around you.
You do not regenerate.


Message History

You hear a horrible gurgling sound!
The centaur zombie hits you but does no damage.
The centaur zombie misses you. Harold hits you with a +0 scimitar!
* * * LOW HITPOINT WARNING * * *
You slash Harold!
Harold is moderately wounded.
You completely miss the centaur zombie. The centaur zombie barely misses you.
The centaur zombie completely misses you.
A red ugly thing comes into view.
An orc warrior comes into view. It is wielding a +0 flail.
Harold hits you but does no damage.
The orc warrior shouts!
You slash Harold!
Harold is heavily wounded.
You hit the centaur zombie.
The centaur zombie hits you but does no damage.
The centaur zombie closely misses you. Harold hits you with a +0 scimitar!
* * * LOW HITPOINT WARNING * * *
The centaur zombie closely misses you.
The centaur zombie kicks you but does no damage.
You slice Harold!!
Harold is almost dead.
You slash the centaur zombie!
You feel the power of Trog in you as your rage grows.
You destroy the centaur zombie!
Trog accepts your kill.
Harold points at you and mumbles some strange words.
A sentinel's mark forms upon you. The red ugly thing closely misses you.
You slash Harold!
You kill Harold!
Trog accepts your kill.
Trog appreciates your killing of a magic user.
Harold groans, "My... family..." and then collapses, dead.
You completely miss the red ugly thing.
A gargoyle comes into view. It is wielding a +0 flail.
The red ugly thing kicks you!
* * * LOW HITPOINT WARNING * * *
You are engulfed in flames!
You die...

* , , * ,
#. ** , ,
##. , #.. ,
, #.. #.9
,* #..## *.
#.u)#####..
#..@..o....
, , ,
##.......##
* * *
#.>.....# ,
, ,
#########,
,, ,, ,, ,
, , * * ,


You could see a red ugly thing, an orc warrior and a gargoyle.

Vanquished Creatures
  Harold (D:9)
  A manticore (D:7)
  A troll (D:7)
  A hornet (D:8)
  A shadow (D:10)
  Eustachio (D:6)
  A wraith (D:7)
  6 yaks (D:10)
  A steam dragon (D:8)
  2 acid dragons
  4 orc warriors
  3 black bears
  5 ogres
  2 centaurs
  2 kobold brigands
  A bullfrog (D:8)
  3 gnoll sergeants (D:6)
  A scorpion (D:7)
  A water moccasin zombie (D:6)
  5 wights (D:8)
  2 centaur zombies
  A bullfrog zombie (D:5)
  9 orc priests
  2 hounds (D:5)
  3 jellies
  2 gnoll shamans (D:6)
  A bullfrog skeleton (D:7)
  A centaur skeleton (D:6)
  3 iguanas
  9 orc wizards
  A scorpion zombie (D:5)
  A killer bee zombie (D:6)
  A howler monkey skeleton (D:5)
  5 gnolls
  9 adders
  2 ufetubi
  3 worms
  4 dart slugs
  42 orcs
  5 endoplasms
  A giant cockroach (D:3)
  5 goblins
  7 hobgoblins
  2 jackals (D:4)
  20 kobolds
  2 quokkas
  7 ball pythons
  8 bats
  A frilled lizard (D:3)
202 creatures vanquished.

Vanquished Creatures (others)
  An orc wizard (D:5)
1 creature vanquished.

Grand Total: 203 creatures vanquished

Notes
Turn   | Place    | Note
-------+----------+-------------------------------------------
     0 | D:5      | Coron the Deep Dwarf Delver began the quest for the Orb.
     0 | D:5      | Reached XP level 1. HP: 20/20 MP: 1/1
     6 | D:5      | Noticed a hound
    32 | D:5      | Reached XP level 2. HP: 27/27 MP: 2/2
    67 | D:4      | Noticed an ogre
   171 | D:4      | Reached skill level 3 in Fighting
   171 | D:4      | Reached skill level 1 in Armour
   173 | D:4      | Noticed a black bear
   205 | D:3      | Reached XP level 3. HP: 25/34 MP: 3/3
   412 | D:2      | Found a faded altar of an unknown god.
  1551 | D:2      | Reached XP level 4. HP: 38/42 MP: 3/3
  2123 | D:3      | Found a runed translucent door.
  2164 | D:3      | Noticed Iusername's ghost (amateur MiFi)
  2326 | D:3      | Reached XP level 5. HP: 31/49 MP: 4/4
  2519 | D:3      | Found a runed translucent door.
  2681 | D:4      | Noticed a black bear
  2771 | D:4      | Found a shimmering altar of Xom.
  2805 | D:4      | Reached XP level 6. HP: 20/56 MP: 5/5
  2848 | D:4      | Found a bloodstained altar of Trog.
  2859 | D:4      | Became a worshipper of Trog the Wrathful
  2864 | D:4      | Found a staircase to the Ecumenical Temple.
  2884 | D:4      | Reached skill level 4 in Fighting
  2915 | D:4      | Reached skill level 5 in Armour
  2935 | D:4      | Reached XP level 7. HP: 52/64 MP: 6/6
  3597 | D:5      | Reached * piety under Trog
  4011 | D:6      | Reached XP level 8. HP: 69/73 MP: 7/7
  4075 | D:6      | Reached skill level 5 in Fighting
  4383 | D:6      | Noticed Eustachio
  4465 | D:6      | Killed Eustachio
  4466 | D:6      | Reached skill level 6 in Fighting
  4466 | D:6      | Reached skill level 1 in Polearms
  4953 | D:6      | Reached skill level 7 in Fighting
  5176 | D:7      | Found a broken altar of Ashenzari.
  5176 | D:7      | Found a sacrificial altar of Ru.
  5176 | D:7      | Found an iron altar of Okawaru.
  5306 | D:7      | Gained mutation: You passively map the area around you.
                  | [Deep Dwarf growth]
  5306 | D:7      | Reached XP level 9. HP: 77/86 MP: 8/8
  5356 | D:7      | Reached ** piety under Trog
  5359 | D:7      | Identified the +1 ring mail of the Storm King {rF+++ Will-
                  | Str+3 SInv}
  5455 | D:7      | Noticed a manticore
  5471 | D:7      | Killed a manticore
  5472 | D:7      | Reached skill level 8 in Fighting
  5519 | D:7      | Noticed a troll
  5526 | D:7      | Killed a troll
  5929 | D:8      | Reached skill level 9 in Fighting
  5975 | D:8      | Paralysed by a hornet for 1 turns
  6463 | D:9      | Found a staircase to the Orcish Mines.
  6492 | D:9      | Reached XP level 10. HP: 99/99 MP: 9/9
  6513 | D:9      | You fall into a shaft and drop 1 floor!
  6513 | D:10     | Entered Level 10 of the Dungeon
  6560 | D:10     | Reached *** piety under Trog
  6657 | D:10     | Reached skill level 10 in Fighting
  6726 | D:10     | Reached skill level 1 in Evocations
  6942 | D:9      | Noticed Harold
  6945 | D:9      | Noticed a red ugly thing
  6948 | D:9      | Killed Harold
  6948 | D:9      | Noticed a gargoyle
  6948 | D:9      | Slain by a red ugly thing

Illustrated notes

Levels and vault maps discovered:
D:1:      minmay_arrival_four_loops, layout_loops_ring
D:2:      layout_loops_cross, nicolae_ecumenical_pavilion
D:3:      layout_basic, ebering_ghost_sewer_f, nrook_uturn,
          wander_ebering_terrifying_dragon_lair
D:4:      layout_cave_pools, trog_ov_bears_minmay,
          mainiacjoe_overflow_small_starburst, minmay_temple_entry_hall,
          minmay_bisected
D:5:      layout_loops_ring
D:6:      layout_basic, pf_guarded_unrand_woodcutter, uniq_eustachio
D:7:      minmay_cornered_nines, layout_basic,
          chequers_temple_overflow_statue_of_worship
D:8:      layout_rooms
D:9:      layout_gridville, minmay_orc_entry_temple_small, minmay_checkerbox,
          uniq_harold
D:10:     layout_roguey [special_room_orc], eino_small_chamber_without_monster,
          minivault_16

Skill      XL: |  1  2  3  4  5  6  7  8  9 10 |
---------------+-------------------------------+-----
Fighting       | 3 4 7 9 10 | 10.4
Armour         | 1 2 3 4 6 8 9 |  9.0
Axes           | 3 4 |  4.8
Dodging        | 3 4 |  4.0
Polearms       | 2 4 |  4.3
Evocations     | 4 |  4.0
Stealth        | |  6.0

Action                   |  1- 3 |  4- 6 |  7- 9 | 10-12 || total
-------------------------+-------+-------+-------+-------++-------
Melee: Hand axe          |    92 |   118 |    59 |       ||   269
       Punch             |     1 |     1 |     4 |     4 ||    10
       Spear             |       |       |   364 |   181 ||   545
       Whip              |       |       |     1 |       ||     1
       War axe           |       |       |    20 |    11 ||    31
 Fire: Shortbow          |       |       |     8 |       ||     8
Throw: Dart              |     6 |     4 |    19 |       ||    29
       Stone             |     5 |       |     8 |       ||    13
Invok: Berserk           |       |       |     6 |     1 ||     7
 Abil: Heal Wounds       |     2 |     4 |     1 |       ||     7
Evoke: Wand              |       |     5 |     3 |     1 ||     9
  Use: Scroll            |     1 |     2 |     7 |       ||    10
       Potion            |       |       |     1 |       ||     1
 Stab: Sleeping          |     7 |     6 |       |       ||    13
Armor: Leather armour    |    29 |    24 |       |       ||    53
       Scale mail        |       |    22 |    67 |       ||    89
       Chain mail        |       |       |   222 |    74 ||   296
Dodge: Dodged            |    81 |    73 |   210 |    81 ||   445
